 Dungeon Crawl Stone Soup version 0.30-a0-137-gd8773701ce (webtiles) character file.

Game seed: 8442745613006221158

1 ouechouech the Caller (level 1, -1/13 HPs)
             Began as a Merfolk Summoner on Sept 23, 2022.
             Slain by a quokka (2 damage)
             ... on level 1 of the Dungeon.
             The game lasted 00:00:56 (86 turns).

ouechouech the Caller (Merfolk Summoner)              Turns: 86, Time: 00:00:57

Health: -1/13      AC:  2    Str:  8    XL:     1   Next: 20%
Magic:  0/3        EV: 12    Int: 14    God:
Gold:   0          SH:  0    Dex: 14    Spells: 3/4 levels left

rFire   . . .      SeeInvis .    (no weapon)
rCold   . . .      Faith    .    (no shield)
rNeg    . . .      Spirit   .    a - +0 robe
rPois   .          Reflect  .    (no helmet)
rElec   .          Harm     .    (no cloak)
rCorr   .          Rampage  .    (no gloves)
Will    .....                    (no boots)
Stlth   ++........               (no amulet)
HPRegen 0.04/turn                (no ring)
MPRegen 0.08/turn                (no ring)

@: no status effects
A: (nimble swimmer 2), mertail
a: no special abilities


You were on level 1 of the Dungeon.
You visited 1 branch of the dungeon, and saw 1 of its levels.

Inventory:

Armour
 a - a +0 robe (worn)
Scrolls
 c - a scroll of torment {unknown}
Potions
 b - a potion of magic


   Skills:
 + Level 2.7 Dodging
 + Level 2.2 Stealth
 + Level 2.0 Spellcasting
 + Level 4.0 Summonings


You had 3 spell levels left.
You knew the following spells:

 Your Spells              Type           Power      Damage    Failure   Level
a - Summon Small Mammal   Summ           48%        N/A       4%          1

Your spell library contained the following spells:

 Spells                   Type           Power      Damage    Failure   Level
 Call Imp                 Summ           12%        N/A       7%          2
 Call Canine Familiar     Summ           12%        N/A       14%         3
 Summon Guardian Golem    Hex/Summ       7%         N/A       30%         3
 Summon Lightning Spire   Summ/Air       7%         N/A       71%         4


Dungeon Overview and Level Annotations

Branches:
Dungeon (1/15)

Altars:


Innate Abilities, Weirdness & Mutations

((You are very nimble when in or above water. (Stealth+, EV+, Speed+++)))
Your lower body shifts to a powerful aquatic tail in water.


Message History

Your rat bites the quokka but does no damage.
Your rat closely misses the quokka.
You miscast Summon Small Mammal.
You are very lightly contaminated with residual magic.
Nothing appears to happen.
The quokka barely misses you.
Your rat barely misses the quokka.
The quokka barely misses you.
Your rat bites the quokka but does no damage.
You barely miss the quokka. The quokka closely misses you.
Your rat closely misses the quokka.
The quokka bites you.
Your rat misses the quokka. You hit the quokka.
The quokka is moderately wounded.
The quokka barely misses you.
Your rat barely misses the quokka.
Your rat bites the quokka.
You closely miss the quokka.
The quokka is heavily wounded.
The quokka bites you.
Your rat misses the quokka. x2
You barely miss the quokka.
The quokka is heavily wounded.
The quokka misses you.
Your rat bites the quokka but does no damage.
Your rat bites the quokka.
You closely miss the quokka.
The quokka is severely wounded.
The quokka closely misses you.
Your rat barely misses the quokka.
Your rat closely misses the quokka.
Your magical contamination has completely faded away.
You hit the quokka but do no damage.
The quokka is severely wounded.
The quokka bites you.
* * * LOW HITPOINT WARNING * * *
Your rat bites the quokka but does no damage.
The quokka bites you.
* * * LOW HITPOINT WARNING * * *
Your rat closely misses the quokka.
You hit the quokka but do no damage.
The quokka is severely wounded.
The quokka bites you.
You die...

♣#..####+##
#≈..#.....#..♣♣#
#♣...#.....#...~♣#
#.#..'...P.#..♣..
#...#P<...#...#
♣#..#.....#..♣
#..#######..#
♣...........#
#..#####♣@..........♣
.......rr##♣#.#.#♣#♣#
....###r#♣ #♣.♣# .
#.. ♣#.# $... ...
...r.. ..# ........
#.# ######..r. .#
.....


You could see a quokka (ally target) and 2 friendly rats.

Vanquished Creatures (collateral kills)
  A bat (D:1)
1 creature vanquished.

Notes
Turn   | Place    | Note
-------+----------+-------------------------------------------
     0 | D:1      | ouechouech the Merfolk Summoner began the quest for the
                  | Orb.
     0 | D:1      | Reached XP level 1. HP: 13/13 MP: 3/3
    86 | D:1      | Slain by a quokka

Illustrated notes

Levels and vault maps discovered:
D:1:      saegor_arrival_under_anarchy, layout_basic, serial_aquarium,
          aquarium_bridge_square [aquarium_subvault_balcony,
          aquarium_subvault_wall, aquarium_subvault_bridge,
          aquarium_subvault_window], aquarium_window_corridor_1,
          aquarium_window_fake, aquarium_window_double, aquarium_window_1,
          aquarium_view_2d, aquarium_view_2e

Action                   || total
-------------------------++-------
Melee: Unarmed           ||     7
 Cast: Summon Small Mamm ||     6
Armor: Robe              ||     1
Dodge: Dodged            ||     7

Table legend: (Time is in decaauts)
 A = Elapsed time spent in this place.
 B = Non-inter-level travel time spent in this place.
 C = Inter-level travel time spent in this place.
 D = Time resting spent in this place.
 E = Time spent auto-exploring this place.
 F = Levels seen in this place.
 G = Mean time per level.
                   A        B        C        D        E       F      G
               +--------+--------+--------+--------+--------+-----+--------+
         Total |     86 |     86 |      0 |      0 |     52 |   1 |   86.0 |
       Dungeon |     86 |     86 |      0 |      0 |     52 |   1 |   86.0 |
               +--------+--------+--------+--------+--------+-----+--------+

Top non-repeatable levels by time:
     D:1: 86 daAuts
